 Dungeon Crawl Stone Soup version 0.25.0-1-g7eea58d2a3 (webtiles) character file.

Game seed: 4557636587220237524

48 Delamore the Cudgeler (level 3, 0/23 HPs)
             Began as a Gargoyle Fighter on June 14, 2020.
             Slain by an adder (2 damage)
             ... on level 2 of the Dungeon.
             The game lasted 00:01:02 (1449 turns).

Delamore the Cudgeler (Gargoyle Fighter)            Turns: 1449, Time: 00:01:02

Health: 0/23       AC: 10    Str: 20    XL:     3   Next: 72%
Magic:  3/3        EV:  7    Int:  8    God:
Gold:   41         SH:  9    Dex:  9    Spells: 2/2 levels left

rFire    . . .     SeeInvis .   a - +0 flail
rCold    . . .     Gourm    .   c - +0 kite shield
rNeg     + . .     Faith    .   b - +0 scale mail
rPois    ∞         Spirit   .   (no helmet)
rElec    +         Reflect  .   (no cloak)
rCorr    .         Harm     .   (no gloves)
MR       .....                  (no boots)
Stlth    ..........             j - amulet of inaccuracy (curse)
HPRegen  0.07/turn              (no ring)
MPRegen  0.08/turn              (no ring)

@: no status effects
A: negative energy resistance 1, electricity resistance, unbreathing,
petrification resistance, rot immunity, AC +3
a: no special abilities


You were on level 2 of the Dungeon.
You were near starving.

You visited 1 branch of the dungeon, and saw 2 of its levels.

You collected 41 gold pieces.

Inventory:

Hand Weapons
 a - a +0 flail (weapon)
Armour
 b - a +0 scale mail (worn)
 c - a +0 kite shield (worn)
Jewellery
 j - a cursed amulet of inaccuracy (around neck)
Scrolls
 i - a scroll of amnesia
Potions
 d - a potion of might
 e - a potion of flight {unknown}
Comestibles
 f - 2 rations


   Skills:
 - Level 3.2 Fighting
 + Level 4.0 Maces & Flails
 - Level 3.2 Armour
 - Level 3.2 Shields


You had 2 spell levels left.
You didn't know any spells.
Your spell library was empty.

Dungeon Overview and Level Annotations

Branches:
Dungeon (2/15)

Altars:


Innate Abilities, Weirdness & Mutations

You are resistant to torment.
Your stone body is resilient. (AC +3)
You are immune to poison.
You resist negative energy. (rN+)
You are resistant to electric shocks. (rElec)
You can survive without breathing.
You are immune to petrification.
You are immune to rotting.


Message History

* * * LOW HITPOINT WARNING * * *
The adder bites you but does no damage.
You miss the adder. The adder bites you but does no damage.
The adder bites you.
* * * LOW HITPOINT WARNING * * *
You closely miss the adder. The adder bites you but does no damage.
You closely miss the adder. The adder bites you but does no damage.
The adder bites you.
* * * LOW HITPOINT WARNING * * *
You miss the adder. The adder bites you but does no damage.
The leopard gecko hisses menacingly.
You block the adder's attack.
You completely miss the adder.
You are near starving!
The adder barely misses you.
You miss the adder.
The adder bites you but does no damage. x2
You closely miss the adder. You block the adder's attack.
The adder barely misses you.
You closely miss the adder. The adder bites you.
You die...

#..?....# #.......#
#.......# ##.....##
#.......# ##
#.......##...## ###
#..........#..#
.....####..?..###..#.##
.....lS@......[<......$
.....#####.######....##
... #.# #.... . #.# ##(
#.# #.# #.# #.# #.#


You could see an adder and a leopard gecko.

Vanquished Creatures
  2 adders (D:2)
  2 dart slugs (D:1)
  A leopard gecko (D:2)
  3 bats (D:1)
  3 hobgoblins (D:1)
  6 jackals (D:1)
  2 frilled lizards (D:1)
  2 kobolds (D:1)
  5 rats (D:1)
26 creatures vanquished.

Notes
Turn   | Place    | Note
-------+----------+-------------------------------------------
     0 | D:1      | Delamore the Gargoyle Fighter began the quest for the Orb.
     0 | D:1      | Reached XP level 1. HP: 14/14 MP: 1/1
   173 | D:1      | Reached XP level 2. HP: 16/19 MP: 2/2
   421 | D:1      | Reached skill level 3 in Maces & Flails
   904 | D:1      | Reached XP level 3. HP: 14/23 MP: 3/3
  1402 | D:2      | Reached skill level 4 in Maces & Flails
  1449 | D:2      | Slain by an adder

Illustrated notes

Levels and vault maps discovered:
D:1:      elethiomel_arrival_infinity_welcomes_careful_drivers, layout_basic
D:2:      layout_rooms, okawaru_altar_gauntlet_db, first_ration, uniq_terence

Skill      XL: |  1  2  3 |
---------------+----------+-----
Maces & Flails | 3 4 |  4.0
Fighting       | |  3.2
Armour         | |  3.2
Shields        | |  3.2

Action                   || total
-------------------------++-------
Melee: Flail             ||   279
  Use: Scroll            ||     3
  Eat: Chunk             ||     1
Armor: Scale mail        ||   187
Dodge: Dodged            ||   105
Block: Kite shield       ||   163
